 Dungeon Crawl Stone Soup version 0.26.1-11-gd32895ea62 (webtiles) character file.

Game seed: 11603471012036615833

1747 Almogavar the Cleaver (level 9, -2/75 HPs)
             Began as a Hill Orc Fighter on May 17, 2021.
             Was a Believer of Makhleb.
             Slain by a black bear (7 damage)
             ... on level 4 of the Dungeon.
             The game lasted 00:13:18 (6303 turns).

Almogavar the Cleaver (Hill Orc Fighter)            Turns: 6303, Time: 00:13:19

Health: -2/75      AC: 11    Str: 22    XL:     9   Next: 6%
Magic:  0/9        EV:  7    Int:  8    God:    Makhleb [**....]
Gold:   257        SH: 10    Dex: 10    Spells: 8/8 levels left

rFire    . . .     SeeInvis .   a - +0 war axe
rCold    . . .     Faith    .   c - +0 kite shield
rNeg     . . .     Spirit   +   e - +0 chain mail
rPois    .         Reflect  .   (no helmet)
rElec    .         Harm     .   (no cloak)
rCorr    .         Rampage  .   l - +0 pair of gloves
Will     .....                  (no boots)
Stlth    ..........             y - amulet of guardian spirit
HPRegen  0.22/turn              (no ring)
MPRegen  0.11/turn              (no ring)

@: no status effects
A: no striking features
a: Renounce Religion, Minor Destruction


You were on level 4 of the Dungeon.
You worshipped Makhleb.
Makhleb was pleased with you.
You visited 1 branch of the dungeon, and saw 6 of its levels.

You collected 257 gold pieces.

Inventory:

Hand Weapons
 a - a +0 war axe (weapon)
 h - a +0 hunting sling
Missiles
 n - 110 stones
 q - 51 sling bullets
 s - 17 poisoned darts (quivered)
Armour
 b - a +0 scale mail
 c - a +0 kite shield (worn)
 e - a +0 chain mail (worn)
 l - a +0 pair of gloves (worn)
Jewellery
 y - an amulet of guardian spirit (around neck)
Wands
 d - a wand of polymorph (2)
 p - a wand of flame (15)
Scrolls
 f - 3 scrolls of amnesia
 g - 2 scrolls of remove curse
 j - a scroll of enchant armour
 m - 3 scrolls of noise {unknown}
 o - a scroll of blinking {unknown}
 r - 2 scrolls of teleportation {unknown}
 u - a scroll of fear {unknown}
 A - 2 scrolls of random uselessness {unknown}
Potions
 i - 5 potions of heal wounds
 k - 4 potions of curing
 t - a potion of lignification {unknown}
 v - a potion of attraction {unknown}
 w - a potion of cancellation {unknown}
 x - a potion of flight {unknown}
 z - a potion of mutation {unknown}


   Skills:
 + Level 6.1 Fighting
 + Level 9.1 Axes
 + Level 0.8 Throwing
 + Level 6.2 Armour
 + Level 2.5 Dodging
 + Level 1.0 Stealth
 + Level 6.5 Shields


You had 8 spell levels left.
You didn't know any spells.
Your spell library contained the following spells:

 Spells                   Type           Power        Failure   Level
 Haunt                    Necr/Summ      0%           100%        7
 Borgnjor's Revivificati  Necr           0%           100%        8
 Infestation              Necr           0%           100%        8
 Necromutation            Tmut/Necr      0%           100%        8
 Death's Door             Necr           0%           100%        9


Dungeon Overview and Level Annotations

Branches:
Dungeon (6/15)
 Temple: D:4-7

Altars:
Cheibriados
Dithmenos
Fedhas
Gozag
Makhleb
Sif Muna
Wu Jian
Xom

Annotations:
D:5 1 runed translucent door, H0rd4k's ghost, novice OpTm


Message History

You hit the black bear.
The black bear is severely wounded.
You block the black bear's attack. x2
The black bear claws you but does no damage.
Your shield and chain mail prevent you from hitting the black bear.
The black bear is severely wounded.
The black bear bites you.
* * * LOW HITPOINT WARNING * * *
The black bear claws you but does no damage.
You block the black bear's attack.
You hit the black bear but do no damage.
The black bear is severely wounded.
The black bear goes berserk!
You slash the black bear!
The black bear is almost dead.
The black bear bites you!
* * * LOW HITPOINT WARNING * * *
The black bear claws you but does no damage.
You block the black bear's attack. The black bear bites you!
You die...

#####...........##.###....###
#.#####...####.# #.#..###
#.###.#<..# #.# #.......
#.##.#.#..# #.# #....###
#...###...# #.# #....###
#.#..#....####.###....#..
#.#.#..........##........
#......##h#######...#.###
#.###..[@[..........#.# # #.#
#..).[..#####>#.#.###
#.###............#.......
#...........#####.#######
###.##.#...## #.# #.##.#.###
#.# #.##.#.# #.# #.##.#.#
#.####### #.##.#.# #........


You could see a black bear (berserk).

Vanquished Creatures
  Grinder (D:3)
  Eustachio (D:5)
  Menkaure (D:5)
  Edmund (D:5)
  An orc warrior (D:5)
  A centaur (D:5)
  A gnoll sergeant (D:4)
  A water moccasin zombie (D:6)
  A wyvern skeleton (D:6)
  2 scorpions (D:4)
  A bullfrog zombie (D:5)
  3 orc priests (D:5)
  A hound (D:4)
  6 orc wizards
  2 bullfrog skeletons (D:6)
  Natasha (twice) (D:3)
  4 worker ants
  3 gnolls
  8 adders
  2 shadow imps (D:5)
  An ufetubus (D:5)
  2 adder skeletons (D:4)
  4 worms
  A dart slug (D:1)
  4 leopard geckos
  16 orcs
  5 giant cockroaches
  7 goblins
  8 hobgoblins
  5 jackals (D:5)
  A quokka (D:4)
  4 bats
  3 frilled lizards
  13 kobolds
  A leopard gecko skeleton (D:5)
  4 rats (D:2)
122 creatures vanquished.

Notes
Turn   | Place    | Note
-------+----------+-------------------------------------------
     0 | D:1      | Almogavar the Hill Orc Fighter began the quest for the Orb.
     0 | D:1      | Reached XP level 1. HP: 19/19 MP: 1/1
    74 | D:1      | Reached XP level 2. HP: 23/27 MP: 2/2
   475 | D:1      | Reached skill level 3 in Axes
   712 | D:2      | Reached XP level 3. HP: 26/33 MP: 3/3
   820 | D:2      | Found an ornate altar of the Wu Jian Council.
   927 | D:2      | Reached skill level 4 in Axes
  1455 | D:3      | Found a shimmering altar of Xom.
  1455 | D:3      | Found a shimmering blue altar of Sif Muna.
  1455 | D:3      | Found a burning altar of Makhleb.
  1463 | D:3      | Reached XP level 4. HP: 40/40 MP: 4/4
  1492 | D:3      | Became a worshipper of Makhleb the Destroyer
  1648 | D:3      | Noticed Natasha
  1653 | D:3      | Killed Natasha
  1937 | D:3      | Noticed Grinder
  1946 | D:3      | Paralysed by Grinder for 2 turns
  2314 | D:3      | Reached * piety under Makhleb
  2315 | D:3      | Reached XP level 5. HP: 40/46 MP: 5/5
  2390 | D:3      | Paralysed by Grinder for 4 turns
  2398 | D:3      | Paralysed by Grinder for 3 turns
  2406 | D:3      | Killed Grinder
  2407 | D:3      | Reached skill level 5 in Axes
  2407 | D:3      | Reached skill level 1 in Dodging
  2407 | D:3      | Reached XP level 6. HP: 38/53 MP: 6/6
  2885 | D:3      | Found a blossoming altar of Fedhas.
  3022 | D:3      | Noticed Natasha
  3027 | D:3      | Killed Natasha
  3051 | D:3      | Found an opulent altar of Gozag.
  3362 | D:4      | Reached skill level 6 in Axes
  3486 | D:4      | Reached skill level 5 in Fighting
  3486 | D:4      | Reached XP level 7. HP: 48/61 MP: 7/7
  4663 | D:5      | Entered Level 5 of the Dungeon
  4806 | D:4      | Reached skill level 7 in Axes
  4806 | D:4      | Reached skill level 5 in Shields
  5069 | D:5      | Found a shadowy altar of Dithmenos.
  5099 | D:4      | Reached skill level 5 in Armour
  5099 | D:4      | Reached XP level 8. HP: 48/69 MP: 4/8
  5402 | D:5      | Noticed Edmund
  5430 | D:5      | Killed Edmund
  5551 | D:5      | Reached skill level 8 in Axes
  5635 | D:5      | Found a runed translucent door.
  5638 | D:5      | Noticed H0rd4k's ghost (novice OpTm)
  5646 | D:5      | Found a snail-covered altar of Cheibriados.
  5646 | D:5      | Noticed Eustachio
  5662 | D:5      | Killed Eustachio
  5896 | D:5      | Reached ** piety under Makhleb
  5955 | D:5      | Noticed Menkaure
  5962 | D:5      | Killed Menkaure
  6143 | D:5      | Reached skill level 1 in Stealth
  6265 | D:6      | Noticed a two-headed ogre
  6271 | D:6      | Reached skill level 9 in Axes
  6271 | D:6      | Reached XP level 9. HP: 72/75 MP: 7/9
  6303 | D:4      | Slain by a black bear

Illustrated notes

Levels and vault maps discovered:
D:1:      dpeg_arrival_round_b, layout_basic, hangedman_decor_riveting,
          minmay_surrounded
D:2:      layout_rooms, lemuel_doored_altar
D:3:      layout_loops_ring, marbit_many_paths, fedhas_altar_fruit_tree,
          grunt_temple_overflow_open, uniq_grinder, uniq_natasha
D:4:      layout_loops_ring, feat_on_display
D:5:      layout_basic, overflow_temple_1_default, overflow_temple_1_default,
          serial_curves, eino_curves_03, eino_curves_04, eino_curves_04,
          eino_curves_02, ebering_ghost_sewer_d, minmay_misc_feat_diagonals,
          uniq_menkaure, uniq_eustachio, uniq_edmund
D:6:      cheibrodos_helix_gallery, layout_rooms, gammafunk_ghost_arena,
          serial_shops, shop, st_stairs_10

Skill      XL: |  1  2  3  4  5  6  7  8 |
---------------+-------------------------+-----
Axes           | 3 4 5 6 7 9 |  9.1
Fighting       | 4 5 6 |  6.1
Shields        | 4 5 6 |  6.5
Armour         | 4 5 6 |  6.2
Dodging        | 1 2 |  2.5
Stealth        | 1 |  1.0
Throwing       | |  0.8

Action                   |  1- 3 |  4- 6 |  7- 9 || total
-------------------------+-------+-------+-------++-------
Melee: War axe           |    83 |   126 |   292 ||   501
Throw: Dart              |       |     6 |     2 ||     8
       Stone             |       |     1 |       ||     1
  Use: Scroll            |     4 |       |     1 ||     5
       Potion            |       |     1 |       ||     1
Armor: Scale mail        |    37 |    64 |   112 ||   213
       Skin              |       |     4 |       ||     4
       Chain mail        |       |       |    34 ||    34
Dodge: Dodged            |    26 |    38 |   112 ||   176
Block: Kite shield       |    36 |    59 |   176 ||   271
